 Dungeon Crawl Stone Soup version 0.23.1 (webtiles) character file.

Game seed: 14578755563142653406

109 Gingerlord the Charlatan (level 5, 0/44 HPs)
             Began as a Human Artificer on Mar 8, 2019.
             Succumbed to an adder's poison
             ... on level 2 of the Dungeon.
             The game lasted 00:03:13 (1619 turns).

Gingerlord the Charlatan (Human Artificer)          Turns: 1619, Time: 00:03:14

Health: 0/44       AC:  3    Str: 14    XL:     5   Next: 13%
Magic:  6/9        EV: 14    Int: 11    God:
Gold:   53         SH:  4    Dex: 13    Spells: 4/4 levels left

rFire    . . .     SeeInvis .   a - +0 short sword
rCold    . . .     Gourm    .   (no shield)
rNeg     . . .     Faith    .   b - +0 leather armour
rPois    .         Spirit   .   (no helmet)
rElec    .         Reflect  +   (no cloak)
rCorr    .         Harm     .   (no gloves)
MR       .....                  (no boots)
Stlth    +.........             j - +4 amulet of reflection
HPRegen  0.14/turn              (no ring)
MPRegen  0.11/turn              (no ring)

@: lethally poisoned (0 -> -5)
A: no striking features
a: no special abilities


You were on level 2 of the Dungeon.
You were not hungry.

You visited 1 branch of the dungeon, and saw 2 of its levels.

You collected 53 gold pieces.

Inventory:

Hand Weapons
 a - a +0 short sword (weapon)
Armour
 b - a +0 leather armour (worn)
Jewellery
 j - a +4 amulet of reflection (around neck)
Wands
 c - a wand of flame (12)
 d - a wand of enslavement (15)
 e - a wand of random effects (15)
Scrolls
 g - 2 scrolls of teleportation {unknown}
 i - a scroll of fog {unknown}
Comestibles
 f - 4 rations


   Skills:
 + Level 5.3 Fighting
 + Level 5.3 Short Blades
 + Level 5.2 Armour
 + Level 5.7 Dodging
 - Level 1.0 Stealth
 + Level 6.1 Evocations


You had 4 spell levels left.
You didn't know any spells.
Your spell library was empty.

Dungeon Overview and Level Annotations

Branches:
Dungeon (2/15)

Altars:


Message History

Your Evocations skill gained 3 levels and is now at level 6!
You have reached level 5!
* * * LOW HITPOINT WARNING * * *
You feel sick. The adder barely misses you.
As you read the scroll labeled INKAOSTR AQYSEN, it crumbles to dust.
You feel blessed for a moment.
It was a scroll of remove curse.
* * * LOW HITPOINT WARNING * * *
You feel sick. The adder barely misses you. The adder bites you.
* * * LOW HITPOINT WARNING * * *
You hit the adder.
You kill the adder!
You aren't carrying any potions.
* * * LOW HITPOINT WARNING * * *
You feel sick.
* * * LOW HITPOINT WARNING * * *
You feel sick.
A goblin comes into view.
* * * LOW HITPOINT WARNING * * *
You feel sick.
You die...

#. .. # #.#.# .#
##...##.##.
#.........
#.......#
#......#
#....g.#
#..@...#
##.###..>.. #.#
.## ######.##
#...†...#
#.####..####.###
#.........)
##.####.###
..##.##.##


You could see a goblin (sleeping).

Vanquished Creatures
  A gnoll (D:1)
  An adder (D:2)
  4 dart slugs (D:1)
  2 leopard geckos (D:1)
  A giant cockroach (D:1)
  2 goblins (D:1)
  2 hobgoblins (D:1)
  3 jackals (D:1)
  4 kobolds
  7 bats (D:1)
  4 rats (D:1)
31 creatures vanquished.

Notes
Turn   | Place    | Note
-------+----------+-------------------------------------------
     0 | D:1      | Gingerlord the Human Artificer began the quest for the Orb.
     0 | D:1      | Reached XP level 1. HP: 15/15 MP: 3/3
   107 | D:1      | Reached XP level 2. HP: 13/21 MP: 4/4
   393 | D:1      | Reached XP level 3. HP: 26/26 MP: 5/5
   490 | D:1      | Reached skill level 1 in Armour
  1383 | D:1      | Reached XP level 4. HP: 33/33 MP: 6/6
  1612 | D:2      | Reached skill level 5 in Fighting
  1612 | D:2      | Reached skill level 5 in Short Blades
  1612 | D:2      | Reached skill level 5 in Armour
  1612 | D:2      | Reached skill level 5 in Dodging
  1612 | D:2      | Reached skill level 6 in Evocations
  1612 | D:2      | Reached XP level 5. HP: 7/44 MP: 6/9
  1615 | D:2      | HP: 2/44 [poisoned by an adder]
  1619 | D:2      | Succumbed to an adder's poison

Skill      XL: |  1  2  3  4 |
---------------+-------------+-----
Armour         | 1 5 |  5.2
Fighting       | 5 |  5.3
Short Blades   | 5 |  5.3
Dodging        | 5 |  5.7
Evocations     | 6 |  6.1
Stealth        | |  1.0

Action                   |  1- 3 |  4- 6 || total
-------------------------+-------+-------++-------
Melee: Short sword       |   118 |    18 ||   136
Evoke: Wand              |     3 |       ||     3
  Use: Potion            |       |     1 ||     1
       Scroll            |       |     1 ||     1
 Stab: Sleeping          |     1 |     1 ||     2
  Eat: Chunk             |     1 |     1 ||     2
Armor: Leather armour    |    50 |     3 ||    53
Dodge: Dodged            |   106 |    13 ||   119
Block: Other             |     1 |       ||     1
